[ AOE2 MATCH · #505648829 ]
UnrankedSaracens vs Magyars
Player's team · WIN
Rival team · LOSS
[ REPLAY ANALYSIS · EXTRACTED FROM THE RECORDED GAME ]
Feudal
9:42
Castle
22:43
Imperial
37:34
| APM avg | 60.6 |
| APM peak | 96 |
| eAPM avg | 30.3 |
| Villagers / military | 138 / 106 |
Focus
⚔️ 43.8% · 🌾 56.2%
Archer ×89 · Trebuchet (Packed) ×7 · Spearman ×4 · Camel Scout ×4 · Mangonel ×2
Feudal
8:26
Castle
26:19
Imperial
—
| APM avg | 56.3 |
| APM peak | 99 |
| eAPM avg | 20.7 |
| Villagers / military | 85 / 84 |
Focus
⚔️ 35.9% · 🌾 64.1%
Cavalry Archer ×43 · Skirmisher ×26 · Scout Cavalry ×10 · Knight ×3 · Monk ×2
Match map
Initial resources + every placement click. Lines = walls · curves = elevation contours. ◆ gold · ⬟ stone · ● berries · ✦ relic · ◌ wall gap
Your base· ✓ Closed at 22:43 · 43t walls · 1 gate(s)
vidar's base· Open — opponent sealed themselves in
Smoothed initial terrain · ◌ = detected wall gap · hover for details
Inputs per minute
— lame dog - - vidar
Build order — lame dog
First 150 of 399 actions detected
| 0:01 | Queue | Villager (Male) |
| 0:01 | Queue | Villager (Male) |
| 0:01 | Queue | Villager (Male) |
| 0:02 | Queue | Villager (Male) |
| 0:02 | Build | House |
| 0:03 | Build | House |
| 1:28 | Queue | Villager (Male) |
| 2:00 | Queue | Villager (Male) |
| 2:00 | Queue | Villager (Male) |
| 2:13 | Build | Lumber Camp |
| 2:16 | Queue | Villager (Male) |
| 2:33 | Queue | Villager (Male) |
| 2:58 | Queue | Villager (Male) |
| 2:58 | Queue | Villager (Male) |
| 3:31 | Queue | Villager (Male) |
| 3:31 | Queue | Villager (Male) |
| 3:46 | Queue | Villager (Male) |
| 3:46 | Queue | Villager (Male) |
| 3:54 | Build | House |
| 3:56 | Build | House |
| 3:58 | Build | Palisade Wall |
| 4:06 | Queue | Villager (Male) |
| 4:20 | Queue | Villager (Male) |
| 4:20 | Queue | Villager (Male) |
| 4:35 | Queue | Villager (Male) |
| 4:36 | Queue | Villager (Male) |
| 5:00 | Queue | Villager (Male) |
| 5:05 | Build | Palisade Wall |
| 5:25 | Queue | Villager (Male) |
| 5:55 | Build | Mill |
| 6:10 | Queue | Villager (Male) |
| 6:10 | Research | Loom |
| 6:48 | Build | Palisade Wall |
| 6:54 | Build | Palisade Wall |
| 7:19 | Research | Feudal Age |
| 7:19 | Research | Feudal Age |
| 7:53 | Build | Palisade Wall |
| 7:55 | Build | House |
| 8:18 | Queue | Villager (Male) |
| 8:38 | Build | Lumber Camp |
| 9:09 | Build | Palisade Wall |
| 9:11 | Queue | Villager (Male) |
| 9:30 | Build | Barracks |
| 9:42 | Age | Feudal Age |
| 9:47 | Research | Double-Bit Axe |
| 10:04 | Queue | Villager (Male) |
| 10:15 | Build | Palisade Wall |
| 10:16 | Build | Palisade Wall |
| 10:22 | Queue | Villager (Male) |
| 10:25 | Build | Watch Tower |
| 10:32 | Queue | Spearman |
| 10:49 | Queue | Spearman |
| 11:02 | Queue | Villager (Male) |
| 11:12 | Build | Farm |
| 11:24 | Queue | Villager (Male) |
| 11:38 | Build | Palisade Wall |
| 11:40 | Build | Farm |
| 11:42 | Build | Farm |
| 11:55 | Queue | Villager (Male) |
| 11:57 | Build | Farm |
| 12:00 | Build | Palisade Wall |
| 12:07 | Build | House |
| 12:16 | Build | Farm |
| 12:16 | Build | Farm |
| 12:24 | Build | Farm |
| 12:25 | Queue | Villager (Male) |
| 12:43 | Queue | Villager (Male) |
| 12:47 | Build | Market |
| 13:05 | Queue | Villager (Male) |
| 13:09 | Build | Archery Range |
| 13:32 | Build | Mining Camp |
| 13:38 | Build | Mining Camp |
| 13:40 | Research | Town Watch |
| 13:45 | Queue | Villager (Male) |
| 14:16 | Queue | Villager (Male) |
| 14:29 | Queue | Archer |
| 14:30 | Build | Farm |
| 14:33 | Build | House |
| 14:33 | Build | House |
| 14:37 | Queue | Spearman |
| 14:40 | Build | Farm |
| 14:59 | Queue | Villager (Male) |
| 15:06 | Queue | Archer |
| 15:31 | Build | Watch Tower |
| 15:31 | Queue | Villager (Male) |
| 15:49 | Build | House |
| 15:50 | Queue | Villager (Male) |
| 15:56 | Build | Market |
| 16:02 | Build | House |
| 16:03 | Queue | Villager (Male) |
| 16:16 | Queue | Archer |
| 16:25 | Build | Farm |
| 16:35 | Queue | Archer |
| 16:38 | Queue | Villager (Male) |
| 16:56 | Build | Lumber Camp |
| 17:10 | Queue | Villager (Male) |
| 17:12 | Queue | Spearman |
| 17:15 | Queue | Archer |
| 17:24 | Build | Farm |
| 17:26 | Build | Farm |
| 17:37 | Build | House |
| 17:39 | Queue | Archer |
| 17:42 | Queue | Villager (Male) |
| 17:53 | Build | Blacksmith |
| 18:00 | Build | Farm |
| 18:03 | Build | Farm |
| 18:04 | Build | Farm |
| 18:09 | Queue | Villager (Male) |
| 18:13 | Research | Horse Collar |
| 18:38 | Research | Fletching |
| 18:42 | Queue | Archer |
| 18:43 | Queue | Villager (Male) |
| 18:46 | Build | Farm |
| 18:58 | Build | House |
| 19:24 | Queue | Villager (Male) |
| 19:37 | Queue | Villager (Male) |
| 19:39 | Build | Farm |
| 19:47 | Build | Archery Range |
| 19:49 | Build | Stable |
| 20:03 | Research | Castle Age |
| 20:03 | Research | Castle Age |
| 20:26 | Build | Palisade Wall |
| 20:28 | Queue | Archer |
| 20:35 | Research | Padded Archer Armor |
| 20:41 | Build | Mining Camp |
| 20:43 | Queue | Archer |
| 20:45 | Queue | Archer |
| 20:51 | Queue | Villager (Male) |
| 21:12 | Build | Lumber Camp |
| 21:13 | Queue | Archer |
| 21:20 | Build | Palisade Gate |
| 21:36 | Queue | Archer |
| 21:42 | Research | Scale Barding Armor |
| 21:46 | Queue | Villager (Male) |
| 21:58 | Build | Farm |
| 21:58 | Build | Farm |
| 22:06 | Queue | Archer |
| 22:09 | Queue | Villager (Male) |
| 22:11 | Build | Farm |
| 22:14 | Queue | Archer |
| 22:25 | Queue | Archer |
| 22:43 | Age | Castle Age |
| 22:49 | Research | Crossbowman (upgrade) |
| 22:56 | Research | Bodkin Arrow |
| 22:57 | Research | Bodkin Arrow |
| 22:59 | Queue | Archer |
| 23:01 | Queue | Villager (Male) |
| 23:06 | Queue | Archer |
| 23:06 | Queue | Archer |
| 23:17 | Build | Siege Workshop |
Build order — vidar
First 150 of 281 actions detected
| 0:01 | Queue | Villager (Male) |
| 0:01 | Queue | Villager (Male) |
| 0:02 | Build | House |
| 0:03 | Build | House |
| 0:06 | Queue | Villager (Male) |
| 0:10 | Queue | Villager (Male) |
| 1:29 | Queue | Villager (Male) |
| 1:44 | Build | Lumber Camp |
| 1:55 | Queue | Villager (Male) |
| 2:13 | Queue | Villager (Male) |
| 2:34 | Queue | Villager (Male) |
| 2:50 | Queue | Villager (Male) |
| 3:17 | Queue | Villager (Male) |
| 3:55 | Queue | Villager (Male) |
| 4:02 | Build | House |
| 4:17 | Queue | Villager (Male) |
| 4:44 | Build | Mill |
| 4:53 | Queue | Villager (Male) |
| 5:17 | Queue | Villager (Male) |
| 5:43 | Research | Loom |
| 6:13 | Research | Feudal Age |
| 7:17 | Build | Barracks |
| 7:35 | Queue | Villager (Male) |
| 7:42 | Build | House |
| 8:22 | Queue | Villager (Male) |
| 8:26 | Age | Feudal Age |
| 8:29 | Build | Stable |
| 8:34 | Research | Double-Bit Axe |
| 8:58 | Queue | Villager (Male) |
| 9:04 | Build | Mining Camp |
| 9:11 | Queue | Scout Cavalry |
| 9:30 | Build | Farm |
| 9:32 | Build | Farm |
| 9:33 | Queue | Villager (Male) |
| 9:33 | Queue | Villager (Male) |
| 9:34 | Build | Farm |
| 10:00 | Build | Watch Tower |
| 10:13 | Queue | Villager (Male) |
| 10:29 | Build | Farm |
| 10:32 | Build | Farm |
| 10:33 | Queue | Villager (Male) |
| 10:43 | Build | Palisade Wall |
| 10:52 | Queue | Villager (Male) |
| 11:09 | Build | House |
| 11:10 | Build | House |
| 11:25 | Queue | Villager (Male) |
| 11:40 | Queue | Scout Cavalry |
| 11:52 | Build | House |
| 11:57 | Queue | Villager (Male) |
| 11:59 | Build | House |
| 12:00 | Build | Palisade Wall |
| 12:08 | Build | Palisade Wall |
| 12:17 | Research | Town Watch |
| 12:26 | Build | Outpost |
| 12:39 | Build | Palisade Wall |
| 12:43 | Build | Palisade Wall |
| 12:50 | Queue | Villager (Male) |
| 12:54 | Build | Palisade Wall |
| 13:04 | Queue | Scout Cavalry |
| 13:10 | Build | Farm |
| 13:13 | Build | Farm |
| 13:26 | Build | Watch Tower |
| 13:27 | Queue | Villager (Male) |
| 13:51 | Queue | Scout Cavalry |
| 14:27 | Queue | Villager (Male) |
| 14:27 | Queue | Scout Cavalry |
| 14:31 | Build | Palisade Wall |
| 14:40 | Build | Watch Tower |
| 14:54 | Queue | Villager (Male) |
| 14:54 | Queue | Scout Cavalry |
| 14:57 | Build | House |
| 14:59 | Build | Mining Camp |
| 15:10 | Queue | Villager (Male) |
| 15:13 | Build | Farm |
| 15:16 | Queue | Villager (Male) |
| 15:50 | Queue | Villager (Male) |
| 16:16 | Queue | Villager (Male) |
| 16:18 | Build | Blacksmith |
| 16:23 | Queue | Scout Cavalry |
| 16:38 | Build | Watch Tower |
| 16:40 | Queue | Villager (Male) |
| 17:15 | Queue | Villager (Male) |
| 17:18 | Build | Archery Range |
| 17:25 | Queue | Scout Cavalry |
| 17:47 | Queue | Villager (Male) |
| 17:50 | Build | Farm |
| 17:50 | Build | Farm |
| 17:53 | Build | Farm |
| 18:02 | Queue | Villager (Male) |
| 18:12 | Build | Watch Tower |
| 18:22 | Research | Fletching |
| 18:25 | Queue | Villager (Male) |
| 18:47 | Build | Watch Tower |
| 18:51 | Queue | Villager (Male) |
| 19:13 | Queue | Scout Cavalry |
| 19:23 | Queue | Scout Cavalry |
| 19:37 | Queue | Villager (Male) |
| 19:41 | Build | Farm |
| 19:41 | Build | Farm |
| 19:56 | Queue | Villager (Male) |
| 20:14 | Queue | Villager (Male) |
| 20:22 | Build | Mining Camp |
| 20:31 | Build | Farm |
| 20:38 | Build | Palisade Gate |
| 20:50 | Queue | Villager (Male) |
| 20:59 | Build | Farm |
| 21:01 | Research | Horse Collar |
| 21:22 | Queue | Villager (Male) |
| 21:27 | Build | Farm |
| 21:28 | Queue | Villager (Male) |
| 21:33 | Build | Watch Tower |
| 21:38 | Build | Stone Wall |
| 21:48 | Build | Stone Wall |
| 21:50 | Build | Stone Wall |
| 21:56 | Queue | Villager (Male) |
| 22:34 | Build | Watch Tower |
| 23:09 | Build | House |
| 23:32 | Build | Watch Tower |
| 23:39 | Research | Castle Age |
| 23:51 | Queue | Skirmisher |
| 23:51 | Queue | Skirmisher |
| 23:52 | Queue | Skirmisher |
| 24:33 | Build | Palisade Wall |
| 25:10 | Build | Palisade Gate |
| 25:21 | Build | Archery Range |
| 25:26 | Build | Archery Range |
| 25:31 | Build | Farm |
| 25:59 | Research | Bloodlines |
| 26:19 | Age | Castle Age |
| 26:23 | Queue | Cavalry Archer |
| 26:23 | Queue | Cavalry Archer |
| 26:28 | Build | Farm |
| 26:30 | Build | Farm |
| 26:35 | Build | Farm |
| 26:39 | Build | Farm |
| 26:41 | Build | Farm |
| 26:47 | Queue | Cavalry Archer |
| 26:47 | Queue | Cavalry Archer |
| 26:47 | Queue | Cavalry Archer |
| 27:22 | Build | House |
| 27:23 | Queue | Villager (Male) |
| 27:37 | Queue | Villager (Male) |
| 27:44 | Build | Palisade Gate |
| 27:53 | Build | House |
| 27:53 | Build | House |
| 27:56 | Research | Husbandry |
| 27:57 | Research | Bodkin Arrow |
| 28:11 | Queue | Cavalry Archer |
| 28:11 | Queue | Cavalry Archer |
| 28:11 | Queue | Cavalry Archer |
Match timeline
| 3:58 | lame dog · wall_segment Palisade Wall x7 |
| 5:05 | lame dog · wall_segment Palisade Wall x16 |
| 6:48 | lame dog · wall_segment Palisade Wall x11 |
| 6:54 | lame dog · wall_segment Palisade Wall x6 |
| 7:17 | vidar · first_building Barracks |
| 7:53 | lame dog · wall_segment Palisade Wall x1 |
| 8:26 | vidar · age_up feudal |
| 8:29 | vidar · first_building Stable |
| 9:09 | lame dog · wall_segment Palisade Wall x1 |
| 9:30 | lame dog · first_building Barracks |
| 9:42 | lame dog · age_up feudal |
| 10:15 | lame dog · wall_segment Palisade Wall x1 |
| 10:16 | lame dog · wall_segment Palisade Wall x1 |
| 10:43 | vidar · wall_segment Palisade Wall x6 |
| 11:38 | lame dog · wall_segment Palisade Wall x1 |
| 12:00 | vidar · wall_segment Palisade Wall x1 |
| 12:00 | lame dog · wall_segment Palisade Wall x1 |
| 12:08 | vidar · wall_segment Palisade Wall x13 |
| 12:39 | vidar · wall_segment Palisade Wall x5 |
| 12:43 | vidar · wall_segment Palisade Wall x8 |
| 12:54 | vidar · wall_segment Palisade Wall x8 |
| 13:09 | lame dog · first_building Archery Range |
| 14:31 | vidar · wall_segment Palisade Wall x9 |
| 15:18 | lame dog · first_market_sell 100 wood |
| 15:19 | lame dog · first_market_buy 100 stone |
| 17:18 | vidar · first_building Archery Range |
| 19:49 | lame dog · first_building Stable |
| 20:26 | lame dog · wall_segment Palisade Wall x1 |
| 21:38 | vidar · wall_segment Stone Wall x7 |
| 21:48 | vidar · wall_segment Stone Wall x5 |
| 21:50 | vidar · wall_segment Stone Wall x7 |
| 22:43 | lame dog · age_up castle |
| 23:17 | lame dog · first_building Siege Workshop |
| 24:33 | vidar · wall_segment Palisade Wall x5 |
| 26:19 | vidar · age_up castle |
| 33:29 | lame dog · first_building Monastery |
| 34:36 | vidar · first_building Monastery |
| 34:54 | vidar · first_building Castle |
| 34:58 | lame dog · first_building Castle |
| 37:34 | lame dog · age_up imperial |
| 42:12 | vidar · resign |
[ AI ANALYSIS · 1 CREDIT ]
What really happened in this match?
Wolo.gg analyzes every decision: build order, eco, micro, common mistakes by bracket. Personalized analysis on WhatsApp or Discord in 30 seconds.
Civ guide
Saracens
Perfil
Jugador #24924483